 Dungeon Crawl Stone Soup version 0.27.1-2-g3b301248ec (webtiles) character file.

Game seed: 7487519572982017218

20 pokedragonboy the Conjurer (level 2, 15/15 HPs)
             Began as a Deep Elf Conjurer on Sept 22, 2021.
             Quit the game on level 2 of the Dungeon.
             The game lasted 00:01:13 (1350 turns).

pokedragonboy the Conjurer (Deep Elf Conjurer)      Turns: 1350, Time: 00:01:13

Health: 15/15      AC:  2    Str:  4    XL:     2   Next: 58%
Magic:  6/8        EV: 12    Int: 22    God:
Gold:   33         SH:  0    Dex: 13    Spells: 5/8 levels left

rFire    . . .     SeeInvis .   g - +0 dagger
rCold    . . .     Faith    .   (no shield)
rNeg     . . .     Spirit   .   a - +0 robe
rPois    .         Reflect  .   (no helmet)
rElec    .         Harm     .   (no cloak)
rCorr    .         Rampage  .   (no gloves)
Will     .....                  (no boots)
Stlth    ++........             (no amulet)
HPRegen  0.05/turn              (no ring)
MPRegen  0.11/turn              (no ring)

@: no status effects
A: no striking features
a: no special abilities


You were on level 2 of the Dungeon.
You visited 1 branch of the dungeon, and saw 2 of its levels.

You collected 33 gold pieces.

Inventory:

Hand Weapons
 g - a +0 dagger (weapon)
Armour
 a - a +0 robe (worn)
Scrolls
 c - a scroll of immolation {unknown}
 e - 2 scrolls of teleportation {unknown}
 f - a scroll of blinking {unknown}
 h - a scroll of identify {unknown}
Potions
 b - a potion of might {unknown}
 d - a potion of invisibility {unknown}


   Skills:
 - Level 2.4 Dodging
 - Level 2.4 Stealth
 + Level 3.5 Spellcasting
 * Level 5.0 Conjurations


You had 5 spell levels left.
You knew the following spells:

 Your Spells              Type           Power      Damage    Failure   Level
a - Magic Dart            Conj           100%       1d8       1%          1
b - Searing Ray           Conj           52%        3d5       2%          2

Your spell library contained the following spells:

 Spells                   Type           Power      Damage    Failure   Level
 Dazzling Flash           Conj/Hex       28%        N/A       13%         3
 Slow                     Hex            3%         N/A       19%         2
 Confusing Touch          Hex            3%         N/A       34%         3
 Fulminant Prism          Conj/Hex       7%         3d7       38%         4
 Iskenderun's Mystic Bla  Conj/Tloc      14%        2d5       38%         4
 Yara's Violent Unravell  Hex/Tmut       1%         3d3       97%         5


Dungeon Overview and Level Annotations

Branches:
Dungeon (2/15)

Altars:
Uskayaw


Message History

The adder bites you.
You are poisoned.
The adder poisons you!
The magic dart hits the adder.
The adder is severely wounded.
You feel sick. The adder bites you but does no damage.
Casting: Magic Dart (safe; 1% risk of failure)
Confirm with . or Enter, or press ? or * to list all spells.
Aiming: Searing Ray (safe; 2% risk of failure)
Press: ? - help, Shift-Dir - straight line, f/p - adder
Aim: an adder (severely wounded, 66% to hit)
The searing ray misses the adder. (Press . to maintain the ray.)
You feel sick. The adder bites you.
The searing ray hits the adder!
You kill the adder!
You feel sick.
Your Conjurations skill increases to level 5!
You start resting.
You feel sick. x4
You are no longer poisoned.
You start resting.
Magic restored.
You see here an adder corpse.
You start resting.
HP restored.
You now have 33 gold pieces (gained 15).
You see here a ball python skeleton.
Found a stone staircase leading down.
Found a stone staircase leading up.
Found a stone staircase leading down.
A goblin comes into view. It is wielding a +0 dagger.
The magic dart hits the goblin.
The goblin is almost dead.
The goblin shouts!
The magic dart hits the goblin.
You kill the goblin!
Saving game... please wait.
Welcome back, pokedragonboy the Deep Elf Conjurer.
Press ? for a list of commands and other information.
Are you sure you want to abandon this character and quit the game? (Confirm with "yes".)

#.#... #>#..#
#.#..# #.#..#
#.#..# # #.#..#
#.##.#..##########
#................#
####@....#######.#
#.....# #.#
........# #.#
###.....# #.#
#...#.# #.#
#...#.# #.#
.)....# #.# #..###
##.# #..#


There were no monsters in sight!

Vanquished Creatures
  An adder (D:2)
  A dart slug (D:1)
  A ball python (D:2)
  2 hobgoblins
  A kobold (D:1)
  A bat (D:1)
  2 goblins
9 creatures vanquished.

Notes
Turn   | Place    | Note
-------+----------+-------------------------------------------
     0 | D:1      | pokedragonboy the Deep Elf Conjurer began the quest for the
                  | Orb.
     0 | D:1      | Reached XP level 1. HP: 10/10 MP: 6/6
   907 | D:2      | Found a hide-covered altar of Uskayaw.
   923 | D:2      | Reached XP level 2. HP: 15/15 MP: 4/8
   926 | D:2      | Learned a level 2 spell: Searing Ray
  1013 | D:2      | Reached skill level 5 in Conjurations
  1350 | D:2      | Quit the game

Illustrated notes

Levels and vault maps discovered:
D:1:      sevenhm_arrival_forest_fort_small_5, layout_basic, minivault_11
D:2:      layout_loops_ring, basic_altar, kennysheep_cluttered_room,
          minmay_misc_feat_iff, minmay_worlds_worst_comb, uniq_jessica

Skill      XL: |  1  2 |
---------------+-------+-----
Conjurations   | 5 |  5.0
Dodging        | |  2.4
Stealth        | |  2.4
Spellcasting   | |  3.5

Action                   || total
-------------------------++-------
 Cast: Magic Dart        ||    22
       Searing Ray       ||     1
Armor: Robe              ||     1
Dodge: Dodged            ||     1
